 Dungeon Crawl Stone Soup version 0.32-a0-473-gd044c6f0f0 (webtiles) character file.

Game seed: 15338056839013904271

17161 runemasterragnar the Skirmisher (level 12, -2/102 HPs)
             Began as a Coglin Hunter on Feb 23, 2024.
             Was a High Priest of Okawaru.
             Slain by a fire elemental (10 damage)
             ... led by Azrael
             ... on level 2 of the Orcish Mines on Feb 25, 2024.
             The game lasted 00:23:18 (15098 turns).

runemasterragnar the Skirmisher (Coglin Hunter)    Turns: 15098, Time: 00:23:19

Health: -2/102     AC:  9    Str: 13    XL:     12   Next: 45%
Magic:  14/14      EV:  9    Int:  8    God:    Okawaru [*****.]
Gold:   1875       SH:  5    Dex: 22    Spells: 11/11 levels left

rFire   . . .        n - +0 sling {Zihan}
rCold   + . .        K - +3 sling (heavy) {Zolin}
rNeg    . . .        J - +0 acid dragon scales
rPois   .            u - +1 helmet
rElec   .            (no cloak)
rCorr   +            (no gloves)
SInv    .            (no boots)
Will    .....        l - amulet of reflection
Stlth   ++           h - ring of protection from cold
HPRegen 0.37/turn    (ring unavailable)
MPRegen 0.14/turn

%: reflection
@: about to teleport, grasped by roots, constricted, studying Shields
A: off-hand wielding, slow wielding, warmup strikes, no rings
a: Renounce Religion, Heroism, Finesse, Duel


You were on level 2 of the Orcish Mines.
You worshipped Okawaru.
Okawaru was extremely pleased with you.
You visited 3 branches of the dungeon, and saw 16 of its levels.
You also visited: Sewer and Bailey.

You collected 1875 gold pieces.

Inventory:

Hand Weapons
 a - a +1 shortbow {Preben}
 n - a +0 sling (weapon) {Zihan}
 E - a +0 sling {Bonhwa}
 I - a +2 scimitar of flaming
 K - a +3 heavy sling (offhand) {Zolin}
 Q - the +4 rapier of Eternal War {antimagic, ^Drain Fly Str-2 Dex+9}
   (You found it on level 10 of the Dungeon)

   Str-2:     It affects your strength (-2).
   Dex+9:     It affects your dexterity (+9).
   Fly:       It grants you flight.
   ^Drain:    It drains your maximum health when unequipped.
 R - the +4 long sword of Instant Death {heavy, Will+}
   (You found it on level 12 of the Dungeon)

   Will+:     It increases your willpower.
 U - a +0 arbalest
Missiles
 p - 6 throwing nets
 x - 16 poisoned darts
Armour
 c - a +0 leather armour
 g - a +1 ring mail of cold resistance
 u - a +1 helmet (worn)
 B - a scarf of invisibility
 J - +0 acid dragon scales (worn)
Jewellery
 h - a ring of protection from cold (left grasper)
 l - an amulet of reflection (around neck)
 t - a ring of fire
 G - a +6 ring of strength
Wands
 A - a wand of mindburst (4)
 F - a wand of iceblast (2)
 H - a wand of paralysis (5)
 O - a wand of flame (20)
Scrolls
 b - a scroll of butterflies
 j - 4 scrolls of enchant armour
 k - a scroll of teleportation
 m - a scroll of silence
 o - 2 scrolls of vulnerability
 y - 2 scrolls of enchant weapon
 z - a scroll of fear {unknown}
 D - a scroll of brand weapon
 N - 2 scrolls of poison
 S - a scroll of blinking {unknown}
 T - a scroll of identify
Potions
 d - 2 potions of might
 e - 3 potions of enlightenment
 f - a potion of magic {unknown}
 i - 4 potions of curing
 q - a potion of haste {unknown}
 r - 2 potions of mutation {unknown}
 s - 5 potions of degeneration
 w - 2 potions of attraction
 C - 5 potions of lignification
 L - a potion of ambrosia
 M - a potion of berserk rage {unknown}
 P - a potion of brilliance


   Skills:
 + Level 12.0 Fighting
 - Level 14.1 Ranged Weapons
 + Level 4.0 Armour
 - Level 1.7 Dodging
 - Level 0.7 Stealth
 + Level 3.6 Invocations


You had 11 spell levels left.
You didn't know any spells.
Your spell library contained the following spells:

 Spells                   Type           Power      Damage    Failure   Level
 Animate Dead             Necr           Unusable   N/A       N/A         4
 Haunt                    Necr/Summ      Unusable   N/A       N/A         7
 Infestation              Necr           Unusable   N/A       N/A         8

Dungeon Overview and Level Annotations

Branches:
Dungeon (13/15)            Temple (1/1) D:7             Orc (2/2) D:12
  Sewer (visited)          Bailey (visited)
   Lair: D:8-11         Elf: Orc:2       Vaults: D:13-14

Altars:
Ashenzari
Cheibriados
Dithmenos
Elyvilon
Fedhas
Gozag
Hepliaklqana
Kikubaaqudgha
Makhleb
Nemelex Xobeh
Okawaru
Qazlal
Ru
Sif Muna
Trog
Uskayaw
Vehumet
Wu Jian
Xom
Yredelemnul
Zin
The Shining One

Shops:
D:3 :   D:7 :   D:13 (

Annotations:
D:2 1 runed translucent door, Crazy Yiuf
Orc:2 Azrael, Jorgrun


Innate Abilities, Weirdness & Mutations

You can wield a second weapon in your off-hand.
It takes a long time for you to wield or remove held weapons.
Your first few attacks do less damage.
Your grasper-arms cannot wear rings.


Message History

Your Fighting skill increases to level 12!
Your Armour skill increases to level 4!
Unknown command.
A fire elemental comes into view.
An orc warlord comes into view.
It is wielding a +3 war axe of freezing and wearing a +2 plate armour of positive energy.
A fire elemental comes into view.
The orc warlord unwields a +3 war axe of freezing.
The orc warlord wields a +0 arbalest.
The orc warlord shoots a bolt.
The bolt barely misses you. The orc barely misses you.
A hell hound comes into view.
The orc warlord roars a battlecry!
The orcs go into a battle-frenzy!
Azrael the Boundless Flame comes into view.
He is wielding a +0 scimitar of flaming.
A fire elemental comes into view.
An orc warrior comes into view. It is wielding a +0 hand axe.
The orc warlord shoots a bolt.
The bolt hits you!! The fire elemental closely misses you.
Jorgrun points at you and mumbles some strange words.
Roots burst forth from the earth!
The grasping roots grab you! The grasping roots constrict you!
* * * LOW HITPOINT WARNING * * *
Okay, then.
Okay, then.
Okay, then.
As you read the scroll of teleportation, it crumbles to dust.
You feel strangely unstable.
An orc comes into view. It is wielding a +0 falchion.
The orc closely misses you. You block the fire elemental's attack.
The grasping roots constrict you!
* * * LOW HITPOINT WARNING * * *
Unknown command.
You feel much better. The fire elemental hits you.
The fire elemental burns you!
* * * LOW HITPOINT WARNING * * *
The orc barely misses you.
The orc warrior hits you with a +0 flail!
* * * LOW HITPOINT WARNING * * *
The fire elemental hits you. The fire elemental burns you!
You die...

...... ..#.###
$.....................
#...........##........#
............##..........
.............)..........
........................
.............).........
.............).......#
.......<..@o)........#..
...h...#RoEE....g.......
...○○E°○...°...†........
....°○....°....$.....$..
...○..........))....#...
..........o..)........#.
.......#.....o..........
............).o.........
.....)...$.)........


You could see Jorgrun, an orc warlord, Azrael, 3 fire elementals, 2 orc
warriors, a hell hound (wandering) and 2 orcs.

Vanquished Creatures
  A boulder beetle (D:12)
  An orc knight (Orc:1)
  2 manticores (D:12)
  A kobold blastminer (Orc:1)
  A gargoyle (D:12)
  Joseph (D:7)
  An unseen horror (D:12)
  Maggie (D:7)
  Jeremiah (D:7)
  A kobold demonologist (D:12)
  2 tengu conjurers (D:12)
  Psyche (D:8)
  4 trolls
  4 slime creatures (D:12)
  A vampire (D:10)
  2 shadows
  6 yaks (D:10)
  4 wraiths
  3 wyverns
  A basilisk (D:11)
  3 wargs
  3 vampire mosquitoes (D:10)
  A hell hound (Orc:2)
  20 orc warriors
  2 water moccasins
  A sky beast (D:7)
  4 black bears
  3 ice beasts
  4 ogres
  16 centaurs
  2 phantoms (D:4)
  Blork the orc (D:5)
  2 kobold brigands
  4 bullfrogs
  2 gnoll sergeants
  2 scorpions
  5 wights (D:6)
  10 killer bees
  12 howler monkeys
  2 bombardier beetles (D:5)
  8 orc priests
  5 hounds
  3 jellies
  A sleepcap (D:5)
  An iguana (D:5)
  11 orc wizards
  Natasha (twice) (D:4)
  10 gnolls
  13 adders
  3 river rats (Sewer)
  3 white imps
  6 ufetubi
  2 ribbon worms
  4 dart slugs
  51 orcs
  10 ball pythons
  14 endoplasms
  10 giant cockroaches
  4 hobgoblins
  8 kobolds
  8 quokkas
  7 bats
  6 frilled lizards
  19 goblins
  6 rats
353 creatures vanquished.

Notes
Turn   | Place    | Note
-------+----------+-------------------------------------------
     0 | D:1      | runemasterragnar the Coglin Hunter began the quest for the
                  | Orb.
     0 | D:1      | Reached XP level 1. HP: 16/16 MP: 1/1
   228 | D:1      | Reached XP level 2. HP: 18/22 MP: 2/2
   403 | D:1      | Reached skill level 4 in Ranged Weapons
   492 | D:1      | Reached XP level 3. HP: 28/28 MP: 3/3
   771 | D:2      | Found a faded altar of an unknown god.
  1220 | D:2      | Reached XP level 4. HP: 13/34 MP: 4/4
  1498 | D:2      | Found a runed translucent door.
  1499 | D:2      | Noticed Crazy Yiuf
  1881 | D:3      | Reached skill level 5 in Ranged Weapons
  1881 | D:3      | Reached XP level 5. HP: 16/41 MP: 5/5
  2138 | D:3      | Found Joraefia's Book Shop.
  2166 | D:3      | Found a snail-covered altar of Cheibriados.
  2703 | D:4      | Noticed a phantom
  2719 | D:4      | Killed a phantom
  2720 | D:4      | Reached XP level 6. HP: 31/48 MP: 6/6
  2988 | D:4      | Noticed Natasha
  2992 | D:4      | Killed Natasha
  2993 | D:4      | Reached skill level 6 in Ranged Weapons
  3155 | D:4      | Noticed Natasha
  3164 | D:4      | Killed Natasha
  3353 | D:4      | Found a stormy altar of Qazlal.
  3414 | D:4      | Reached XP level 7. HP: 50/55 MP: 7/7
  3522 | D:5      | Entered Level 5 of the Dungeon
  3526 | D:5      | Found a white marble altar of Elyvilon.
  3532 | D:5      | Identified a scroll of acquirement
  3532 | D:5      | Acquired 808 gold pieces
  3578 | D:5      | Found a glowing drain.
  3594 | Sewer    | Entered a sewer
  3951 | Sewer    | Reached skill level 7 in Ranged Weapons
  3955 | Sewer    | Found a viscous altar of Jiyva.
  3998 | Sewer    | Identified the +5 spear of the Charming Dove {vamp, rF++
                  | rC- rCorr}
  4018 | Sewer    | Reached skill level 5 in Fighting
  4087 | D:5      | Noticed Blork the orc
  4096 | D:5      | Killed Blork the orc
  4224 | D:5      | Reached XP level 8. HP: 56/62 MP: 8/8
  4494 | D:5      | Found a hazy altar of Hepliaklqana.
  4524 | D:5      | Reached skill level 8 in Ranged Weapons
  5436 | D:6      | Reached skill level 9 in Ranged Weapons
  5482 | D:6      | Reached XP level 9. HP: 70/71 MP: 9/9
  6322 | D:7      | Found a staircase to the Ecumenical Temple.
  6337 | D:7      | Noticed Maggie
  6361 | Temple   | Entered the Ecumenical Temple
  6367 | Temple   | Became a worshipper of Warmaster Okawaru
  6390 | D:7      | Killed Maggie
  6391 | D:7      | Reached skill level 10 in Ranged Weapons
  6555 | D:7      | Noticed Joseph
  6571 | D:7      | Killed Joseph
  6729 | D:7      | Found a sparkling altar of Nemelex Xobeh.
  6731 | D:7      | Found a burning altar of Makhleb.
  6732 | D:7      | Found a glowing golden altar of the Shining One.
  6732 | D:7      | Found a radiant altar of Vehumet.
  6733 | D:7      | Found an ancient bone altar of Kikubaaqudgha.
  6734 | D:7      | Found a shimmering blue altar of Sif Muna.
  6771 | D:7      | Noticed Jeremiah
  6785 | D:7      | Found Velus's Self-Improvement Boutique.
  6794 | D:7      | Upgraded the game from 0.32-a0-450-g080537f31e to
                  | 0.32-a0-473-gd044c6f0f0
  6944 | D:8      | Found a blossoming altar of Fedhas.
  6959 | D:8      | Reached * piety under Okawaru
  7059 | D:8      | Noticed Psyche
  7062 | D:8      | Killed Psyche
  7063 | D:8      | Reached skill level 11 in Ranged Weapons
  7063 | D:8      | Reached XP level 10. HP: 77/82 MP: 10/10
  7111 | D:8      | Noticed a brown ugly thing
  7500 | D:8      | Noticed a white ugly thing
  7624 | D:8      | Reached ** piety under Okawaru
  8167 | D:7      | Found a broken altar of Ashenzari.
  8220 | D:7      | Killed Jeremiah
  8436 | D:7      | Reached skill level 12 in Ranged Weapons
  9669 | D:10     | Entered Level 10 of the Dungeon
  9685 | D:9      | Reached *** piety under Okawaru
  9696 | D:10     | Noticed a two-headed ogre
  9707 | D:9      | HP: 2/83 [vampire mosquito (7)]
  9726 | D:10     | Found a flagged portal.
  9732 | Bailey   | Entered a bailey
 10503 | Bailey   | Reached XP level 11. HP: 90/90 MP: 11/11
 10544 | Bailey   | Reached **** piety under Okawaru
 10553 | Bailey   | Reached skill level 10 in Fighting
 10589 | Bailey   | Reached skill level 13 in Ranged Weapons
 11185 | D:10     | Found a hide-covered altar of Uskayaw.
 11201 | D:10     | Identified the +4 rapier of Eternal War {antimagic, ^Drain
                  | Fly Str-2 Dex+9}
 11220 | D:10     | Reached ***** piety under Okawaru
 11742 | D:11     | Noticed a death yak
 12180 | D:11     | Identified the +2 leather armour of Ediah {rN+++ Will+
                  | Int-3 Dex-3}
 12186 | D:11     | Received a gift from Okawaru
 12192 | D:12     | Noticed a manticore
 12197 | D:12     | Killed a manticore
 12209 | D:12     | Identified the +4 long sword of Instant Death {heavy,
                  | Will+}
 12233 | D:12     | Noticed a manticore
 12241 | D:12     | Killed a manticore
 12649 | D:12     | Noticed a boulder beetle
 12684 | D:12     | Reached skill level 14 in Ranged Weapons
 12927 | D:12     | Found a staircase to the Orcish Mines.
 12963 | D:12     | Reached skill level 1 in Armour
 12988 | D:12     | Reached skill level 1 in Invocations
 13074 | D:12     | Reached XP level 12. HP: 13/100 MP: 13/13
 13397 | D:12     | Killed a boulder beetle
 13417 | D:13     | Found Qujeocs's Antique Weapon Emporium.
 13883 | Orc:1    | Entered Level 1 of the Orcish Mines
 14429 | Orc:1    | Received a gift from Okawaru
 14923 | Orc:2    | Entered Level 2 of the Orcish Mines
 15090 | Orc:2    | Noticed Jorgrun
 15092 | Orc:2    | Noticed an orc warlord
 15095 | Orc:2    | Noticed Azrael
 15098 | Orc:2    | Slain by a fire elemental

Illustrated notes

Levels and vault maps discovered:
D:1:      dpeg_arrival_rhombus, layout_basic
D:2:      layout_loops_ring, chequers_ecumenical_altar_simple_redux, hex_medium,
          uniq_crazy_yiuf_cottage
D:3:      layout_basic, mainiacjoe_overflow_paths, serial_shops, shop
D:4:      layout_loops_ring, lemuel_coloured_pillars_altar, uniq_natasha
D:5:      kb_forest_paths, layout_basic, mainiacjoe_overflow_catwalk,
          kennysheep_mini_moat, gup_sewer_entry_pipe, uniq_blork_the_orc
D:6:      layout_loops_ring, minmay_ogre_servants
D:7:      layout_cave_pools, cheibrodos_ashenzari_chains,
          grunt_temple_overflow_open, lemuel_temple_firewalk_a,
          nicolae_shop_self_help, uniq_joseph, uniq_maggie, uniq_jeremiah
D:8:      layout_gridville, fedhas_bush_and_centaur_altar, kb_rosetta,
          uniq_psyche
D:9:      layout_loops_cross, hangedman_decor_peaks_small
D:10:     layout_cross, nicolae_uskayaw_dance_hall, enter_bailey_5
D:11:     layout_rooms, david_lair_generic, serial_glass, glass_columns_a,
          glass_columns_b, item_on_display_a, item_on_display_a,
          minmay_strange_pillars, minmay_strange_pillars
D:12:     layout_rooms, orc_0_dummy, hellmonk_guarded_unrand_sphere_of_battle
D:13:     layout_grid_maze, serial_shops, nicolae_stop_n_shop_1, minivault_26
Temple:   nicolae_temple_cloud_nine
Orc:1:    layout_caves, nicolae_orc_all_along_the_watchtower
Orc:2:    pf_orc_diabolical, layout_caves, uniq_azrael, uniq_urug, uniq_jorgrun

Skill      XL: |  1  2  3  4  5  6  7  8  9 10 11 12 |
---------------+-------------------------------------+-----
Ranged Weapons | 4 5 6 7 9 11 12 14 | 14.1
Fighting       | 3 4 5 6 8 9 11 12 | 12.0
Armour         | 2 4 |  4.0
Invocations    | 1 3 |  3.6
Dodging        | |  1.7
Stealth        | |  0.7

Action                     |  1- 3 |  4- 6 |  7- 9 | 10-12 || total
---------------------------+-------+-------+-------+-------++-------
  Melee: Unarmed           |     1 |     4 |       |       ||     5
         Shortbow          |       |       |     1 |       ||     1
         Sling             |       |       |       |     2 ||     2
   Fire: Shortbow          |   119 |   173 |   386 |       ||   678
         Sling             |       |       |   160 |  1160 ||  1320
  Evoke: Wand              |       |       |     8 |    13 ||    21
    Use: Potion            |     5 |       |     1 |     4 ||    10
         Scroll            |       |       |     9 |    13 ||    22
 Armour: Leather armour    |    40 |       |       |       ||    40
         Skin              |    30 |     3 |       |       ||    33
         Ring mail         |       |    50 |   172 |       ||   222
         Acid dragon scale |       |       |    13 |   255 ||   268
  Dodge: Dodged            |    34 |    41 |   143 |   165 ||   383
  Block: Other             |       |    12 |    57 |    51 ||   120
         Reflection        |       |       |     2 |     2 ||     4

Table legend: (Time is in decaauts)
 A = Elapsed time spent in this place.
 B = Non-inter-level travel time spent in this place.
 C = Inter-level travel time spent in this place.
 D = Time resting spent in this place.
 E = Time spent auto-exploring this place.
 F = Levels seen in this place.
 G = Mean time per level.
                   A        B        C        D        E       F      G
               +--------+--------+--------+--------+--------+-----+--------+
         Total |  15279 |  14818 |    461 |   3494 |   8509 |  18 |  848.8 |
       Dungeon |  12448 |  12013 |    435 |   2580 |   7211 |  13 |  957.5 |
        Temple |     12 |      7 |      5 |      0 |      0 |   1 |   12.0 |
  Orcish Mines |   1005 |    985 |     20 |    339 |    481 |   2 |  502.5 |
         Sewer |    531 |    531 |      0 |    159 |    165 |   1 |  531.0 |
        Bailey |   1281 |   1281 |      0 |    416 |    652 |   1 | 1281.0 |
               +--------+--------+--------+--------+--------+-----+--------+

Top non-repeatable levels by time:
    D:12: 1469 daAuts
  Bailey: 1281 daAuts
     D:5: 1258 daAuts
     D:8: 1251 daAuts
     D:2: 1167 daAuts
     D:9: 1129 daAuts
     D:7: 1071 daAuts
     D:6: 1047 daAuts
    D:10: 981 daAuts
     D:4: 948 daAuts
   Orc:1: 834 daAuts
     D:3: 765 daAuts
     D:1: 712 daAuts
   Sewer: 531 daAuts
    D:13: 422 daAuts
